 Dungeon Crawl Stone Soup version 0.27-a0-13-g87abb2d9eb (webtiles) character file.

Game seed: 8415419770560973561

1503 wakim the Stinger (level 8, -2/51 HPs)
             Began as a Merfolk Venom Mage on Jan 1, 2021.
             Was a Follower of Hepliaklqana.
             Killed by divine providence
             ... invoked by an orc priest
              (12 damage)
             ... on level 6 of the Dungeon on Jan 2, 2021.
             The game lasted 00:47:26 (9830 turns).

wakim the Stinger (Merfolk Venom Mage)              Turns: 9830, Time: 00:47:27

Health: -2/51      AC: 11    Str:  9    XL:     8   Next: 82%
Magic:  2/14       EV: 14    Int: 16    God:    Hepliaklqana [*.....]
Gold:   334        SH:  3    Dex: 14    Spells: 5/15 levels left

rFire    . . .     SeeInvis .   b - +3 dagger (freeze)
rCold    . . .     Faith    .   v - +0 buckler
rNeg     . . .     Spirit   .   p - +1 leather armour (curse)
rPois    .         Reflect  .   s - +2 helmet
rElec    .         Harm     .   E - +2 cloak
rCorr    .         Rampage  .   y - +0 pair of gloves
Will     .....                  (no boots)
Stlth    +++.......             (no amulet)
HPRegen  0.17/turn              B - ring of wizardry
MPRegen  0.14/turn              (no ring)

@: very slightly contaminated
A: change form in water, swift swim, stealthy swim, reduced essence
a: Renounce Religion, Recall Ancestor, Ancestor Identity


You were on level 6 of the Dungeon.
You worshipped Hepliaklqana.
Hepliaklqana was aware of your devotion.
You visited 2 branches of the dungeon, and saw 7 of its levels.

You collected 334 gold pieces.

Inventory:

Hand Weapons
 a - a +2 flail of protection
 b - a +3 dagger of freezing (weapon)
 d - a +0 dagger
 A - a +1 mace of holy wrath
 D - a +1 whip of electrocution
Missiles
 m - 7 javelins
 n - 243 stones
 z - 8 boomerangs of dispersal (quivered)
Armour
 g - a +0 robe
 p - a cursed +1 leather armour (worn)
 s - a +2 helmet (worn)
 v - a +0 buckler (worn)
 y - a +0 pair of gloves (worn)
 E - a +2 cloak (worn)
Magical Staves
 x - an uncursed staff of earth
Jewellery
 h - an uncursed amulet of the acrobat
 B - a ring of wizardry (left hand)
Wands
 j - a wand of paralysis (6)
 C - a wand of iceblast (12)
 F - a wand of disintegration (17)
Scrolls
 c - a scroll of magic mapping
 e - 6 scrolls of identify
 i - 4 scrolls of remove curse
 k - 4 scrolls of amnesia
 t - 2 scrolls of immolation {unknown}
 u - a scroll of blinking {unknown}
Potions
 f - 2 potions of curing
 l - 2 potions of magic {unknown}
 o - a potion of might {unknown}
 q - a potion of invisibility {unknown}
 r - a potion of heal wounds {unknown}
 w - a potion of brilliance {unknown}


   Skills:
 + Level 2.8 Fighting
 + Level 4.1 Short Blades
 + Level 5.7 Dodging
 + Level 5.1 Stealth
 + Level 4.0 Spellcasting
 - Level 3.0 Transmutations
 + Level 2.4 Air Magic
 * Level 6.3 Poison Magic
 + Level 2.1 Invocations


You had 5 spell levels left.
You knew the following spells:

 Your Spells              Type           Power        Failure   Level
a - Sting                 Tmut/Pois      72%          2%          1
b - Poisonous Vapours     Pois/Air       34%          4%          2
c - Olgreb's Toxic Radia  Pois           23%          12%         4
d - Mephitic Cloud        Conj/Pois/Air  12%          14%         3

Your spell library contained the following spells:

 Spells                   Type           Power        Failure   Level
 Ignite Poison            Fire/Tmut/Pois 13%          13%         3


Dungeon Overview and Level Annotations

Branches:
Dungeon (6/15)             Temple (1/1) D:4

Altars:
Ashenzari
Cheibriados
Dithmenos
Elyvilon
Fedhas
Gozag
Hepliaklqana
Kikubaaqudgha
Makhleb
Nemelex Xobeh
Okawaru
Qazlal
Ru
Sif Muna
Trog
Uskayaw
Vehumet
Wu Jian
Xom
Yredelemnul
Zin
The Shining One

Annotations:
D:6 1 transporter, emiel's ghost, novice NaWn


Message History

Confirm with . or Enter, or press ? or * to list all spells.
Aiming: Poisonous Vapours (safe; 4% risk of failure)
Press: ? - help, Dir - move target, f/p - orc warrior
Aim: an orc warrior, wielding a +0 short sword and wearing a +0 plate armour Poisonous vapours surround the orc warrior!
The orc warrior is engulfed in poison gas.
The orc warrior is poisoned.
The orc warrior hits Friðuswiþ with a +0 short sword!
Friðuswiþ barely misses the orc warrior.
You swap places.
The orc warrior hits you with a +0 short sword!!
You swap places.
The orc warrior hits Friðuswiþ with a +0 short sword!!
Friðuswiþ is destroyed!
The orc priest calls down the wrath of Beogh upon you.
Beogh smites you!
* * * LOW HITPOINT WARNING * * *
The orc priest invokes the aid of Beogh against you.
Beogh smites you!
You die...

######################
#.....z...##.........#
#.#z#####.##.........#
#.#R#####.##.#######.###
#.#.#..................#
#.#.#.###.##.#.#####.#.#
#.#.#.###÷##@........#.#
#.....(<[.##.....###.#.#
###....[..##.o.......#.#
###
###.########.#######.###.##
####.# #.# #.##R#R# #....#
#o# #...###. #.#### ##o##
####.#.# #.# ##...## ##.##
#.### ##.....## ###.#


You could see an orc warrior (poisoned) and an orc priest.

Vanquished Creatures
  An orc warrior (D:6)
  3 ogres
  2 centaurs
  A centaur skeleton (D:5)
  3 hounds
  4 orc wizards (D:4)
  6 worker ants
  2 hound skeletons
  Robin (D:3)
  3 gnolls (D:3)
  5 adders
  A white imp (D:5)
  2 ufetubi (D:5)
  2 worms
  3 dart slugs
  3 leopard geckos
  12 orcs
  5 giant cockroaches
  16 goblins
  6 hobgoblins
  4 jackals
  3 quokkas
  A ball python (D:6)
  2 ball python skeletons
  4 bats
  4 frilled lizards
  8 kobolds
  10 rats
117 creatures vanquished.

Vanquished Creatures (collateral kills)
  An ice beast (D:6)
  2 ogres (D:5)
  2 wights (D:6)
  A bullfrog zombie (D:5)
  A shadow imp (D:6)
  An orc (D:6)
8 creatures vanquished.

Vanquished Creatures (others)
  5 ancestors
5 creatures vanquished.

Grand Total: 130 creatures vanquished

Notes
Turn   | Place    | Note
-------+----------+-------------------------------------------
     0 | D:1      | wakim the Merfolk Venom Mage began the quest for the Orb.
     0 | D:1      | Reached XP level 1. HP: 13/13 MP: 3/3
   409 | D:1      | Reached XP level 2. HP: 19/19 MP: 3/5
  1227 | D:2      | Reached XP level 3. HP: 24/24 MP: 4/6
  1335 | D:2      | Found a sparkling altar of Nemelex Xobeh.
  1364 | D:2      | Noticed an ogre
  1878 | D:2      | Reached XP level 4. HP: 29/29 MP: 5/7
  1962 | D:2      | Reached skill level 1 in Short Blades
  2364 | D:3      | Reached XP level 5. HP: 28/35 MP: 2/8
  2534 | D:3      | Learned a level 2 spell: Poisonous Vapours
  2948 | D:2      | Reached skill level 4 in Poison Magic
  4050 | D:3      | Noticed Robin
  4315 | D:3      | Killed Robin
  4457 | D:4      | Reached XP level 6. HP: 12/41 MP: 1/10
  5108 | D:4      | Reached skill level 1 in Air Magic
  5465 | D:4      | Found a staircase to the Ecumenical Temple.
  5638 | D:4      | Reached skill level 1 in Fighting
  5638 | D:4      | Reached XP level 7. HP: 48/48 MP: 5/11
  5907 | Temple   | Entered the Ecumenical Temple
  6010 | Temple   | Became a worshipper of Hepliaklqana the Forgotten
  6159 | D:5      | Entered Level 5 of the Dungeon
  6469 | D:5      | Reached skill level 5 in Poison Magic
  6985 | D:5      | Reached * piety under Hepliaklqana
  7003 | D:5      | Reached skill level 5 in Dodging
  7435 | D:5      | Reached XP level 8. HP: 27/50 MP: 7/13
  7626 | D:5      | Reached skill level 1 in Invocations
  9032 | D:6      | Found a transporter.
  9033 | D:6      | Noticed emiel's ghost (novice NaWn)
  9127 | D:6      | Reached skill level 6 in Poison Magic
  9664 | D:5      | Learned a level 4 spell: Olgreb's Toxic Radiance
  9668 | D:5      | Learned a level 3 spell: Mephitic Cloud
  9669 | D:5      | Upgraded the game from 0.27-a0-3-gcf006a40f5 to
                  | 0.27-a0-13-g87abb2d9eb
  9726 | D:6      | Reached skill level 5 in Stealth
  9830 | D:6      | Killed from afar by an orc priest

Illustrated notes

Levels and vault maps discovered:
D:1:      heliophobic_arrival_glass_houses, layout_loops_ring
D:2:      layout_basic, nemelex_xobeh_ov_fountains_minmay
D:3:      layout_loops_ring, uniq_robin
D:4:      layout_basic, minmay_temple_entry_water_ring
D:5:      layout_basic, serial_rivers, chequers_serial_rivers_large_b,
          chequers_serial_rivers_small_3, chequers_serial_rivers_micro_a,
          chequers_serial_rivers_small_b, chequers_serial_rivers_micro_e,
          due_unseen_surprise
D:6:      layout_loops_corners, gammafunk_ghost_mausoleum
Temple:   compressed_dpeg_triangle_lava_temple

Skill      XL: |  1  2  3  4  5  6  7  8 |
---------------+-------------------------+-----
Dodging        | 3 4 5 |  5.7
Transmutations | 2 3 |  3.0
Short Blades   | 1 2 3 4 |  4.1
Stealth        | 3 4 5 |  5.1
Poison Magic   | 4 5 6 |  6.3
Spellcasting   | 3 4 |  4.0
Air Magic      | 1 2 |  2.4
Fighting       | 1 2 |  2.8
Invocations    | 2 |  2.1

Action                   |  1- 3 |  4- 6 |  7- 9 || total
-------------------------+-------+-------+-------++-------
Melee: Dagger            |    25 |    30 |     4 ||    59
       Staff             |       |     5 |    27 ||    32
       Flail             |       |       |    48 ||    48
 Cast: Sting             |    43 |    91 |    37 ||   171
       Poisonous Vapours |       |    21 |    57 ||    78
Invok: Recall Ancestor   |       |       |     3 ||     3
       Ancestor Identity |       |       |     1 ||     1
  Use: Scroll            |     6 |     3 |     1 ||    10
       Potion            |     2 |       |       ||     2
 Stab: Sleeping          |     4 |     2 |     2 ||     8
       Distracted        |       |       |     1 ||     1
Armor: Robe              |     3 |       |       ||     3
       Leather armour    |     3 |    17 |    42 ||    62
Dodge: Dodged            |    24 |    51 |    81 ||   156
Block: Buckler           |       |     1 |    19 ||    20

Table legend: (Time is in decaauts)
 A = Elapsed time spent in this place.
 B = Non-inter-level travel time spent in this place.
 C = Inter-level travel time spent in this place.
 D = Time resting spent in this place.
 E = Time spent auto-exploring this place.
 F = Levels seen in this place.
 G = Mean time per level.
                   A        B        C        D        E       F      G
               +--------+--------+--------+--------+--------+-----+--------+
         Total |   9801 |   9517 |    284 |   2055 |   5295 |   7 | 1400.1 |
       Dungeon |   9568 |   9303 |    265 |   2055 |   5186 |   6 | 1594.7 |
        Temple |    233 |    214 |     19 |      0 |    109 |   1 |  233.0 |
               +--------+--------+--------+--------+--------+-----+--------+

Top non-repeatable levels by time:
     D:5: 2452 daAuts
     D:2: 1872 daAuts
     D:3: 1576 daAuts
     D:4: 1550 daAuts
     D:1: 1170 daAuts
     D:6: 945 daAuts
  Temple: 233 daAuts
